 Dungeon Crawl Stone Soup version 0.16-a0-3976-g683f154 (webtiles) character file.

67 timbw the Caller (level 3, -5/14 HPs)
             Began as a Felid Summoner on Feb 11, 2015.
             Killed by divine providence
             ... invoked by an orc priest
              (10 damage)
             ... on level 4 of the Dungeon.
             The game lasted 00:04:23 (786 turns).

timbw the Caller (Felid Summoner)                    Turns: 786, Time: 00:04:23

Health: -5/14      AC:  1    Str:  4    XL:     3   Next: 98%
Magic:  8/10       EV: 18    Int: 17    God:
Gold:   16         SH:  0    Dex: 16    Spells: 3 memorised, 2 levels left
                                        Lives:  0   Deaths: 0

rFire  . . .     SeeInvis +     (weapon unavailable)
rCold  . . .     Clarity  .     (armour unavailable)
rNeg   . . .     SustAb   .     (shield unavailable)
rPois  .         Gourm    .     (helmet unavailable)
rElec  .         Spirit   .     (cloak unavailable)
rCorr  .         Warding  .     (gloves unavailable)
rMut   .         Stasis   .     (boots unavailable)
MR     .....                    (no amulet)
Stlth  +++.......               (no ring)
                                (no ring)

@: lost strength, very slow, not resistant to hostile enchantments, fairly
stealthy
A: paw claws, no armour, no weapons or thrown items, fangs 3, see invisible,
carnivore 3, speed 1, shaggy fur 1, slow metabolism 1, sharp paws
a: no special abilities


You were on level 4 of the Dungeon.
You were completely stuffed.

You visited 1 branch of the dungeon, and saw 4 of its levels.

You collected 16 gold pieces.

Inventory:

Magical devices
 h - a wand of polymorph (9)
Scrolls
 f - a scroll of identify {unknown}
 g - a scroll of remove curse {unknown}
Potions
 a - a potion of cure mutation {unknown}
 e - a potion of magic {unknown}
Books
 b - a book of Callings

   Spells                             Type                      Level
   a - Summon Small Mammal            Summoning                    1
   b - Call Imp                       Summoning                    2
   c - Call Canine Familiar           Summoning                    3
   d - Summon Guardian Golem          Hexes/Summoning              4
   e - Summon Lightning Spire         Summoning/Air                4
   f - Summon Ice Beast               Ice/Summoning                4
Comestibles
 c - a meat ration
 d - 3 chunks of flesh


   Skills:
 - Level 2.6 Dodging
 - Level 2.6 Stealth
 + Level 3.1 Spellcasting
 + Level 4.8 Summonings


You had 2 spell levels left.
You knew the following spells:

 Your Spells              Type           Power        Failure   Level  Hunger
a - Summon Small Mammal   Summ           ###.         2%          1    None
b - Call Imp              Summ           ###.....     3%          2    ##.....
c - Call Canine Familiar  Summ           ###.....     10%         3    ###....


Dungeon Overview and Level Annotations

Branches:
Dungeon (4/15)
 Temple: D:4-7

Altars:
Fedhas
Ru


Innate Abilities, Weirdness & Mutations

You cannot wear armour.
You are incapable of wielding weapons or throwing items.
You have razor-sharp teeth.
You have supernaturally acute eyesight.
You are carnivorous and can eat meat at any time.
You cover ground quickly.
You are covered in fur (AC +1).
You have a slow metabolism.
Your paws have sharp claws that are effective at stabbing.


Message History

a trident; a scale mail; an orc corpse You swap places.
Things that are here:
a trident; a scale mail; an orc corpse
Okay, then.
You swap places.
Evoke which item? (* to show all) (? for menu, Esc to quit)
Okay, then.
Your transformation is almost over.
Your sheep disappears in a puff of smoke!
Your transformation has ended.
You swap places.
An orc priest comes into view.
An orc comes into view. It is wielding a dagger of speed.
You swap places.
The orc throws a stone.
The stone hits your iron imp but does no damage.
The orc priest mumbles some strange prayers to Beogh against you.
Something smites you!
Ouch! That really hurt!
You die...

...).# ##.######## ######
.....# #......... .....#
.....###.###..######..#.#
...............5...#..#.#
.......#.....#####.#..#.#
.##)..##.....#.....#..#.#
.#8...8#.......#......#.#
###.).########.#5###....#
⌠##...##.....###@# ######
......## #.o.5.# ......8#
#..###....... ......## #.
.##### ⌠###8## o. .# ##
### .o .# . .# .# .


You could see an orc priest, 2 orcs, a friendly iron imp and a friendly white
imp.

Vanquished Creatures
  An adder (D:2)
  An ooze (D:1)
  A giant gecko (D:3)
  A hobgoblin (D:4)
  A kobold (D:4)
  A bat (D:4)
  A goblin (D:2)
  A rat (D:1)
8 creatures vanquished.

Vanquished Creatures (collateral kills)
  An orc wizard (D:4)
  A hound (D:4)
  A worker ant (D:4)
  3 orcs (D:4)
  3 goblins
  3 hobgoblins
  2 kobolds
  A quokka (D:2)
15 creatures vanquished.

Vanquished Creatures (others)
  A quokka (D:2)
  A bat (D:1)
  A rat (D:3)
3 creatures vanquished.

Grand Total: 26 creatures vanquished

Notes
Turn   | Place    | Note
--------------------------------------------------------------
     0 | D:1      | timbw, the Felid Summoner, began the quest for the Orb.
     0 | D:1      | Reached XP level 1. HP: 7/7 MP: 4/4
   141 | D:2      | Reached XP level 2. HP: 9/11 MP: 0/6
   150 | D:2      | Learned a level 2 spell: Call Imp
   211 | D:2      | Found a blossoming altar of Fedhas.
   320 | D:3      | Found a sacrificial altar of Ru.
   497 | D:4      | Reached XP level 3. HP: 11/14 MP: 0/8
   502 | D:4      | Learned a level 3 spell: Call Canine Familiar
   747 | D:4      | Lost strength.
   786 | D:4      | Killed from afar by an orc priest

Action                   || total
-------------------------++-------
Melee: Unarmed           ||    47
 Cast: Summon Small Mamm ||    12
       Call Imp          ||    14
       Call Canine Famil ||     3
  Use: Scroll            ||     1
 Stab: Distracted        ||     2
  Eat: Chunk             ||     8
